 Dungeon Crawl Stone Soup version 0.31-a0-263-ge8cad7f256 (webtiles) character file.

Game seed: 17394345570527416023

326 qw the Shooter (level 6, -1/49 (52) HPs)
             Began as a Minotaur Hexslinger on July 13, 2023.
             Slain by a wight
             ... wielding a +3 halberd of freezing
              (10 damage)
             ... on level 5 of the Dungeon.
             The game lasted 00:00:59 (3523 turns).

qw the Shooter (Minotaur Hexslinger)                Turns: 3523, Time: 00:00:59

HP:   -1/49 (52)    AC:  4    Str: 12    XL:     6   Next: 24%
MP:   6/6           EV: 12    Int: 10    God:
Gold: 204           SH:  0    Dex: 15    Spells: 6/7 levels left

rFire   . . .        b - +1 sling (heavy)
rCold   . . .        (no shield)
rNeg    . . .        f - +0 leather armour
rPois   .            (helmet restricted)
rElec   .            (no cloak)
rCorr   .            (no gloves)
SInv    .            h - +0 pair of boots
Will    .....        (no amulet)
Stlth   +            (no ring)
HPRegen 0.28/turn    (no ring)
MPRegen 0.10/turn

%: no passive effects
@: marked, drained
A: horns 2, retaliatory headbutt
a: no special abilities


You were on level 5 of the Dungeon.
You visited 1 branch of the dungeon, and saw 5 of its levels.

You collected 204 gold pieces.


Innate Abilities, Weirdness & Mutations

You have a pair of horns on your head.
You reflexively headbutt those who attack you in melee.


   Skills:
 + Level 3.8 Fighting
 - Level 6.0 Ranged Weapons
 - Level 2.1 Armour
 - Level 2.1 Dodging
 - Level 1.0 Spellcasting
 - Level 2.0 Hexes


You had 6 spell levels left.
You knew the following spells:

 Your Spells              Type           Power      Damage    Failure   Level
a - Slow                  Hex            16%        N/A       19%         1

Your spell library contained the following spells:

 Spells                   Type           Power      Damage    Failure   Level
 Inner Flame              Hex/Fire       2%         N/A       65%         3
 Portal Projectile        Hex/Tloc       4%         N/A       65%         3
 Cause Fear               Hex            2%         N/A       88%         4

Inventory:

Hand Weapons
 b - a +1 heavy sling (weapon)
Armour
 f - a +0 leather armour (worn)
 h - a +0 pair of boots (worn)
Scrolls
 g - 2 scrolls of identify
Potions
 a - a potion of haste
 e - a potion of enlightenment
 i - a potion of heal wounds
 j - a potion of cancellation {unknown}
 k - a potion of might {unknown}
 l - a potion of degeneration {unknown}

Dungeon Overview and Level Annotations

Branches:
Dungeon (5/15)
 Temple: D:4-7

Altars:
Dithmenos
Elyvilon
Gozag
Kikubaaqudgha
Ru
Wu Jian

Shops:
D:4 :

Annotations:
D:5 Sigmund


Message History

The wight is heavily damaged.
The wight closely misses you. You furiously retaliate!
You headbutt the wight.
Sigmund the Dreaded comes into view.
He is wielding a +0 scythe.
The wight hits you from afar with a +3 halberd of freezing!
You feel drained. The wight freezes you.
A jelly comes into view.
The wight barely misses you. You furiously retaliate!
You headbutt the wight. The wight misses you.
The adder bites you but does no damage.
You shoot a sling bullet.
The sling bullet barely misses the wight.
The adder bites you.
The wight hits you with a +0 great sword.
You feel drained. The wight barely misses you. The adder misses you.
The wight hits you with a +0 great sword.
A wight comes into view. It is wielding a +0 halberd.
The wight closely misses you.
You shoot a sling bullet. The sling bullet hits the wight.
You destroy the wight!
The adder bites you but does no damage.
The wight hits you from afar with a +3 halberd of freezing!
The wight freezes you. The wight misses you. The adder barely misses you.
The wight barely misses you. x2
Your Armour skill gained 2 levels and is now at level 2!
You shoot a sling bullet.
The sling bullet closely misses the adder.
The adder barely misses you. The adder misses you. You furiously retaliate!
You headbutt the adder!
The jelly hits the bush but does no damage.
Sigmund gestures at you while chanting. The magic dart hits you.
The wight closely misses you.
The wight hits you from afar with a +5 halberd!
The adder closely misses you.
3523 ||| DRINKING 2 potions of heal wounds.
You feel much better.
The jelly hits the bush but does no damage.
Sigmund misses you.
The wight hits you from afar with a +5 halberd!
You feel drained.
The wight hits you from afar with a +3 halberd of freezing!
You die... ............. . .............
P%P.P.P.P.P.P.P.P .....z........... ................. ....Jz...@.......
P.P.PzPSP.P.P.P.P

......)@..........
..................
##.#.####.....#...
#.##.# #...##.....
....# ###...##...
.... #...##
#.........
....####....
#.........
...........#
#.........
....<......##
##.........


You could see Sigmund, a jelly, 3 wights and an adder.

Vanquished Creatures
  An ogre (D:3)
  A kobold brigand (D:4)
  A wight (D:5)
  7 adders
  2 dart slugs
  4 orcs
  7 ball pythons
  An endoplasm (D:2)
  3 giant cockroaches
  4 hobgoblins (D:2)
  8 jackals
  5 kobolds
  5 quokkas
  3 bats
  2 frilled lizards
  2 goblins (D:3)
  3 rats
59 creatures vanquished.

Notes
Turn   | Place    | Note
-------+----------+-------------------------------------------
     0 | D:1      | qw the Minotaur Hexslinger began the quest for the Orb.
     0 | D:1      | Reached XP level 1. HP: 16/16 MP: 1/1
     0 | D:1      | 0 ||| qw: Version: 0.3-a-52-g30416fa
     0 | D:1      | 0 ||| qw: Game counter: 7217
     0 | D:1      | 0 ||| qw: Melee chars always use a shield: true
     0 | D:1      | 0 ||| qw: God list: Okawaru
     0 | D:1      | 0 ||| qw: Allow faded altars: false
     0 | D:1      | 0 ||| qw: Do Orc after clearing Dungeon:15 true
     0 | D:1      | 0 ||| qw: Do second Lair branch before Depths: true
     0 | D:1      | 0 ||| qw: Lair rune preference: random
     0 | D:1      | 0 ||| qw: Goals: Normal
     0 | D:1      | 0 ||| PLANNING D:1-11
   175 | D:1      | Found a faded altar of an unknown god.
   709 | D:1      | Reached skill level 3 in Ranged Weapons
   775 | D:1      | 775 ||| UPGRADING to +0 leather armour.
   785 | D:1      | 785 ||| DROPPING +0 robe.
   786 | D:1      | 786 ||| READING scroll labelled CEWEQAEMIB.
   787 | D:1      | 787 ||| READING scroll labelled EQELEITWYCS.
   788 | D:1      | 788 ||| READING 3 scrolls labelled FIGION CAHO.
   789 | D:1      | 789 ||| READING scroll labelled DOATALL XYOHERCH.
   790 | D:1      | 790 ||| READING scroll labelled BIRUSKIMIH.
   791 | D:1      | 791 ||| READING 2 scrolls of identify.
   791 | D:1      | 791 ||| IDENTIFYING clear potion
   792 | D:1      | 792 ||| DROPPING scroll of poison.
   810 | D:2      | Found a shadowy altar of Dithmenos.
   820 | D:2      | Reached XP level 2. HP: 24/24 MP: 2/2
   897 | D:2      | Reached XP level 3. HP: 29/29 MP: 3/3
  1181 | D:2      | Reached skill level 4 in Ranged Weapons
  1631 | D:2      | 1631 ||| READING scroll labelled SIUWO PIHACOF.
  1632 | D:2      | 1632 ||| READING scroll labelled FAOTAZIETA.
  1643 | D:2      | Reached XP level 4. HP: 18/36 MP: 4/4
  1709 | D:2      | 1709 ||| READING scroll labelled YCZEFO XADIOM.
  1710 | D:2      | 1710 ||| READING 2 scrolls of identify.
  1710 | D:2      | 1710 ||| IDENTIFYING purple potion
  1711 | D:2      | 1711 ||| DROPPING potion of lignification.
  2230 | D:3      | Found a white marble altar of Elyvilon.
  2230 | D:3      | Found a sacrificial altar of Ru.
  2396 | D:3      | 2396 ||| UPGRADING to +0 pair of boots.
  2401 | D:3      | 2401 ||| READING 3 scrolls labelled AXAVE VAUMUPT.
  2402 | D:3      | 2402 ||| READING scroll labelled QEOZEDGH GAZAWN.
  2403 | D:3      | 2403 ||| READING scroll labelled CASEXZ PO UNOD.
  2404 | D:3      | 2404 ||| READING 3 scrolls of identify.
  2404 | D:3      | 2404 ||| IDENTIFYING coppery potion
  2405 | D:3      | 2405 ||| READING 2 scrolls of identify.
  2405 | D:3      | 2405 ||| IDENTIFYING sapphire potion
  2406 | D:3      | 2406 ||| DROPPING 2 scrolls of immolation.
  2407 | D:3      | 2407 ||| DROPPING potion of attraction.
  2437 | D:4      | Noticed an ogre
  2442 | D:4      | 2442 ||| STAIRDANCE
  2445 | D:3      | Killed an ogre
  2446 | D:3      | Reached skill level 5 in Ranged Weapons
  2446 | D:3      | Reached XP level 5. HP: 27/41 MP: 5/5
  2611 | D:4      | Found an ancient bone altar of Kikubaaqudgha.
  2611 | D:4      | Found an ornate altar of the Wu Jian Council.
  2850 | D:4      | Found Socekeut's Book Shop.
  2896 | D:4      | Found an opulent altar of Gozag.
  3086 | D:4      | Reached skill level 3 in Fighting
  3145 | D:4      | Reached skill level 6 in Ranged Weapons
  3145 | D:4      | Reached XP level 6. HP: 50/52 MP: 6/6
  3406 | D:4      | 3406 ||| READING 2 scrolls of identify.
  3406 | D:4      | 3406 ||| IDENTIFYING puce potion
  3480 | D:5      | Entered Level 5 of the Dungeon
  3519 | D:5      | Noticed Sigmund
  3522 | D:5      | HP: 12/50 [Sigmund/magic dart (5)]
  3522 | D:5      | HP: 4/50 [wight/+5 halberd (8)]
  3523 | D:5      | 3523 ||| DRINKING 2 potions of heal wounds.
  3523 | D:5      | Slain by a wight

Levels and vault maps discovered:
D:1:      wander_arrival_peaceful_grave, layout_basic,
          hellmonk_ecumenical_altar_pennies_from_heaven, minivault_11
D:2:      minmay_alternating_diamond, layout_loops_ring, basic_altar,
          minmay_tripent
D:3:      layout_loops_cross, gammafunk_temple_overflow_wave
D:4:      layout_basic, nicolae_overflow_two_pavilions,
          mainiacjoe_overflow_alcove_4, serial_shops, kennysheep_mini_moat,
          serial_glass, glass_columns_b, glass_columns_a
D:5:      layout_cave_pools, serial_park, serial_park_tiny_1,
          serial_park_avenue1, uniq_grinder, uniq_duvessa,
          uniq_crazy_yiuf_cottage, uniq_sigmund

Skill      XL: |  1  2  3  4  5  6 |
---------------+-------------------+-----
Ranged Weapons | 3 4 5 6 |  6.0
Fighting       | 2 3 |  3.8
Armour         | 2 |  2.1
Dodging        | |  2.1
Spellcasting   | |  1.0
Hexes          | |  2.0

Action                     |  1- 3 |  4- 6 || total
---------------------------+-------+-------++-------
   Fire: Sling             |   109 |    73 ||   182
    Use: Scroll            |     8 |     8 ||    16
         Potion            |       |     1 ||     1
 Armour: Leather armour    |    16 |     8 ||    24
         Robe              |     1 |       ||     1
  Dodge: Dodged            |    46 |    58 ||   104

Table legend:
 A = Non-vault XP
 B = Vault XP
 C = Vault XP percentage of total XP
 D = Non-vault monster count
 E = Vault monster count
 F = Vault count percentage of total count
                 A         B        C        D         E       F
            +---------+---------+-------+---------+---------+-------
      Total |     447 |      19 |   4.1 |      54 |       5 |   8.5
            +---------+---------+-------+---------+---------+-------
        D:1 |      11 |       0 |   0.0 |       8 |       0 |   0.0
        D:2 |      70 |      19 |  21.3 |      19 |       5 |  20.8
        D:3 |     153 |       0 |   0.0 |      15 |       0 |   0.0
        D:4 |     129 |       0 |   0.0 |       6 |       0 |   0.0
        D:5 |      84 |       0 |   0.0 |       6 |       0 |   0.0
            +---------+---------+-------+---------+---------+-------
